 Dungeon Crawl Stone Soup version 0.17.0-28-g6e173f8 (webtiles) character file.

81 septik the Grave Robber (level 4, -2/30 HPs)
             Began as a Demonspawn Necromancer on Nov 25, 2015.
             Slain by a gnoll
             ... wielding a +1 whip of electrocution
              (12 damage)
             ... on level 2 of the Dungeon.
             The game lasted 00:06:42 (2274 turns).

septik the Grave Robber (Demonspawn Necromancer)    Turns: 2274, Time: 00:06:42

Health: -2/30      AC:  7    Str:  9    XL:     4   Next: 20%
Magic:  0/9        EV: 12    Int: 17    God:
Gold:   77         SH:  0    Dex: 13    Spells: 3 memorised, 4 levels left

rFire  . . .     SeeInvis .     g - +0 club
rCold  . . .     Clarity  .     a - +0 robe
rNeg   . . .     SustAt   .     (no shield)
rPois  .         Gourm    .     m - +0 helmet
rElec  .         Spirit   +     (no cloak)
rCorr  .         Warding  .     (no gloves)
rMut   .         Stasis   .     (no boots)
MR     .....                    (no amulet)
Stlth  ++........               (no ring)
                                (no ring)

@: regenerating, not resistant to hostile enchantments, unstealthy
A: talons 1, iridescent scales 1, magic shield
a: no special abilities


You were on level 2 of the Dungeon.
You were not hungry.

You visited 1 branch of the dungeon, and saw 2 of its levels.

You collected 77 gold pieces.

Inventory:

Hand Weapons
 g - a +0 club (weapon)
Missiles
 k - 23 stones (quivered)
Armour
 a - a +0 robe (worn)
 m - a +0 helmet (worn)
Scrolls
 f - a scroll of enchant armour {unknown}
 h - a scroll of magic mapping {unknown}
 j - 5 scrolls of identify {unknown}
 o - a scroll of recharging {unknown}
 p - a scroll of enchant weapon {unknown}
 q - 3 scrolls of teleportation {unknown}
 s - a scroll of amnesia {unknown}
 u - a scroll of fear {unknown}
Potions
 d - 2 potions of might {unknown}
 e - a potion of invisibility {unknown}
 i - a potion of cure mutation {unknown}
 l - a potion of lignification {unknown}
 n - a potion of resistance {unknown}
 r - 2 potions of curing {unknown}
 v - a potion of agility {unknown}
 w - a potion of cancellation {unknown}
 x - a potion of ambrosia {unknown}
Books
 b - a book of Necromancy

   Spells                             Type                      Level
   a - Pain                           Necromancy                   1
   b - Animate Skeleton               Necromancy                   1
   c - Vampiric Draining              Necromancy                   3
   d - Regeneration                   Charms/Necromancy            3
   e - Animate Dead                   Necromancy                   4
   f - Control Undead                 Necromancy                   4
Comestibles
 c - 3 bread rations
 t - a meat ration
 z - a royal jelly
 A - 3 chunks of flesh


   Skills:
 - Level 1.7 Dodging
 - Level 1.7 Stealth
 * Level 3.4 Spellcasting
 + Level 5.2 Necromancy


You had 4 spell levels left.
You knew the following spells:

 Your Spells              Type           Power        Failure   Level  Hunger
a - Pain                  Necr           ###.         1%          1    None
b - Animate Skeleton      Necr           N/A          1%          1    None
c - Regeneration          Chrm/Necr      ##........   21%         3    ###....


Dungeon Overview and Level Annotations

Branches:
Dungeon (2/15)

Altars:


Innate Abilities, Weirdness & Mutations

You have sharp toenails.
You are partially covered in iridescent scales (AC +4).
When hurt, damage is shared between your health and your magic reserves.


Message History

Your hobgoblin skeleton hits the gnoll.
You hit the gnoll.
The gnoll is severely wounded.
The gnoll hits you with a whip of electrocution!
Your hobgoblin skeleton barely misses the gnoll.
The gnoll barely misses you.
You are too injured to fight recklessly!
You are too injured to fight recklessly!
The gnoll throws a stone.
The stone hits your hobgoblin skeleton.
Your hobgoblin skeleton is destroyed!
A jackal comes into view.
A jackal comes into view.
The jackal barks!
The jackal barks!
Casting: Animate Skeleton
Confirm with . or Enter, or press ? or * to list all spells.
Your skin crawls.
The gnoll hits you with a whip of electrocution.
You are electrocuted!
You die...

.....# #.#.###.##...##........
.....# #.#.#...#.....#.#######
.....# ###.#.#...#.....#.##
.....# #..>......#.....#.. .....#
#.........##...##.#
.....####......#..###.###.#######
.....'.........#.................
.....####......#.##..hh..........
####.# #......#.@gg..g...........
####'###........#.#''#.#.........
#......)..).......#..#....(.....>
#...............###..###.........
#...............')#).# +.........
#...............'.#..# +.........
#....#####......###### #..#######
..)..# #........# ...#
##########......#.#++#.#..#


You could see 3 gnolls and 2 jackals.

Vanquished Creatures
  A gnoll (D:2)
  5 oozes
  A worm (D:2)
  A ball python (D:1)
  11 bats
  2 giant cockroaches (D:1)
  5 hobgoblins
  2 kobolds
  2 giant geckos
  A giant newt (D:1)
  8 goblins
  7 rats
46 creatures vanquished.

Vanquished Creatures (collateral kills)
  A giant gecko (D:2)
1 creature vanquished.

Grand Total: 47 creatures vanquished

Notes
Turn   | Place    | Note
--------------------------------------------------------------
     0 | D:1      | septik the Demonspawn Necromancer began the quest for the Orb.
     0 | D:1      | Reached XP level 1. HP: 13/13 MP: 3/3
   537 | D:1      | Gained mutation: You are partially covered in iridescent scales (AC +4). [demonic ancestry]
   537 | D:1      | Reached XP level 2. HP: 13/19 MP: 3/5
  1344 | D:1      | Gained mutation: When hurt, damage is shared between your health and your magic reserves. [demonic ancestry]
  1344 | D:1      | Reached XP level 3. HP: 11/24 MP: 5/7
  1749 | D:2      | Reached skill level 5 in Necromancy
  1779 | D:2      | Learned a level 1 spell: Animate Skeleton
  1783 | D:2      | Learned a level 3 spell: Regeneration
  2086 | D:2      | Gained mutation: You have sharp toenails. [demonic ancestry]
  2086 | D:2      | Reached XP level 4. HP: 25/30 MP: 6/8
  2274 | D:2      | Slain by a gnoll

Action                   |  1- 3 |  4- 6 || total
-------------------------+-------+-------++-------
Melee: Club              |   141 |    54 ||   195
       Unarmed           |     2 |       ||     2
 Cast: Pain              |    27 |       ||    27
       Animate Skeleton  |     1 |     2 ||     3
       Regeneration      |     1 |     2 ||     3
 Stab: Sleeping          |     4 |       ||     4
  Eat: Chunk             |     4 |     1 ||     5
